 Dungeon Crawl Stone Soup version 0.31-a0-844-gdc52ec4e09 (webtiles) character file.

Game seed: 16655393297788361037

411 mcwallace the Ruffian (level 6, -1/78 HPs)
             Began as a Draconian Shapeshifter on Sept 29, 2023.
             Succumbed to a scorpion's poison
             ... on level 5 of the Dungeon.
             The game lasted 00:05:45 (4103 turns).

mcwallace the Ruffian (Draconian Shapeshifter)      Turns: 4103, Time: 00:05:45

Health: -1/78      AC: 23    Str: 16    XL:     6   Next: 58%
Magic:  3/7        EV:  2    Int: 11    God:
Gold:   219        SH:  0    Dex: 12    Spells: 6/6 levels left

rFire   . .          .
                       - Unarmed
rCold   . . .        (no shield)
rNeg    . . .        (body armour unavailable)
rPois   +            (helmet currently unavailable)
rElec   .            (cloak currently unavailable)
rCorr   .            (gloves currently unavailable)
SInv    .            (boots currently unavailable)
Will    .....        o - amulet of guardian spirit
Stlth   +            v - ring of flight
HPRegen 0.33/turn    (no ring)
MPRegen 0.10/turn

%: guardian spirit
@: lethally poisoned (-1 -> -14), tree-form
A: stationary, stasis, torment immunity, boosted hp, AC +6, unfitting armour,
(cold-blooded)
a: no special abilities


You were on level 5 of the Dungeon.
You were a tree.
You visited 1 branch of the dungeon, and saw 5 of its levels.

You collected 219 gold pieces.


Innate Abilities, Weirdness & Mutations

You are a tree.
Your roots penetrate the ground, keeping you stationary.
You cannot be teleported.
You are immune to unholy pain and torment.
Your maximum health is greatly increased.
Your equipment is partially melded.
((Your plain brown scales are hard. (AC +6)))
You cannot fit into any form of body armour.
((You are cold-blooded and may be slowed by cold attacks.))


   Skills:
 + Level 3.6 Fighting
 + Level 3.4 Dodging
 + Level 4.4 Unarmed Combat
 + Level 0.9 Spellcasting
 + Level 1.0 Translocations
 + Level 4.1 Shapeshifting


You had 6 spell levels left.
You didn't know any spells.
Your spell library contained the following spells:

 Spells                   Type           Power      Damage    Failure   Level
 Apportation              Tloc           4%         N/A       22%         1
 Blink                    Tloc           4%         N/A       32%         2
 Manifold Assault         Tloc           2%         N/A       91%         4

Inventory:

Hand Weapons
 q - the +1 dagger of Enuidimo {antimagic, Int+4, short}
   (You took it off a kobold on level 3 of the Dungeon)

   Int+4:     It affects your intelligence (+4).
Missiles
 h - 34 stones {throwing}
 t - 9 boomerangs {throwing}
Armour
 p - a +0 pair of gloves
   (You found it on level 3 of the Dungeon)
 u - a +2 pair of boots
   (You found it on level 4 of the Dungeon)
 x - the +1 robe "Wigut" {rC+}
   (You found it on level 5 of the Dungeon)

   rC+:       It protects you from cold.
Jewellery
 o - an amulet of guardian spirit (around neck)
   (You took it off a hobgoblin on level 3 of the Dungeon)
 v - a ring of flight (left branch)
   (You found it on level 4 of the Dungeon)
Talismans
 b - a beast talisman
 c - a flux talisman
Scrolls
 d - 4 scrolls of identify {unknown}
 f - 4 scrolls of teleportation {unknown}
 g - 2 scrolls of acquirement {unknown}
 i - 2 scrolls of amnesia {unknown}
 r - a scroll of blinking {unknown}
 w - a scroll of immolation {unknown}
Potions
 a - a potion of lignification {!q}
 e - 2 potions of attraction {unknown}
 j - a potion of brilliance {unknown}
 k - a potion of enlightenment {unknown}
 l - 3 potions of curing {unknown}
 m - 2 potions of ambrosia {unknown}
 n - a potion of might {unknown}
 s - a potion of invisibility {unknown}

Dungeon Overview and Level Annotations

Branches:
Dungeon (5/15) Zot: 25911
 Temple: D:4-7

Altars:
Dithmenos
Kikubaaqudgha
Nemelex Xobeh
Qazlal
Trog

Shops:
D:4 [=:

Annotations:
D:2 1 runed translucent door, Crazy Yiuf

##..# # ....# ....#
###################
..................#
###################
.................##
..................#
################♣.#
....... ......s###
....... .......
####### ######. ##


You could see a scorpion.


Message History

The hound barks!
The hound closely misses you.
You punch the hound!
The hound bites you but does no damage. x2
You barely miss the hound. The hound closely misses you.
You punch the hound!
You kill the hound!
Your Translocations skill increases to level 1! 😎 HP[+1]
You now have 52 max hp (+1).
Your hp is fully restored (52).
No target in view!
No target in view!
You see here a hound corpse.
i - 2 scrolls labelled GIPTAWANAMO (gained 1) Key pressed, stopping explore.
You now have 202 gold pieces (gained 10).
Key pressed, stopping explore.
Found a smoking robe.
You see here the +1 robe "Wigut" {rC+}.
You see here the +1 robe "Wigut" {rC+}.
f - 4 scrolls labelled TUWOWA YSKU (gained 1)
You now have 219 gold pieces (gained 17).
Found a stone staircase leading down.
You see here the +1 robe "Wigut" {rC+}.
x - the +1 robe "Wigut" {rC+} A scorpion comes into view.
You closely miss the scorpion. The scorpion completely misses you.
You hit the scorpion but do no damage. The scorpion closely misses you.
The scorpion stings you.
You are poisoned.
The scorpion poisons you! 😕 HP[-2] MP[-1]
You take 2 damage, and now have 50/52 hp.
You lost 1 mp, and now have 6/7 mp.
You barely miss the scorpion.
You feel very sick. The scorpion stings you.
You are more poisoned.
The scorpion poisons you! 😕 HP[-5]
You take 5 damage, and now have 45/52 hp.
You hit the scorpion. You tail-slap the scorpion.
You feel very sick. The scorpion stings you. 😮 HP[-7]
You take 7 damage, and now have 38/52 hp.
You are too injured to fight recklessly!
You are too injured to fight recklessly!
You hit the scorpion but do no damage.
Your tail-slap misses the scorpion.
You feel very sick. The scorpion stings you. 😮 HP[-10]
You take 10 damage, and now have 28/52 hp.
You closely miss the scorpion.
You feel very sick. The scorpion stings you.
* * * LOW HITPOINT WARNING * * *
You are more poisoned.
The scorpion poisons you! 😨 HP[-6] MP[-1]
You take 6 damage, and now have 22/52 hp.
You lost 1 mp, and now have 5/7 mp.
You hit the scorpion but do no damage. You tail-slap the scorpion.
* * * LOW HITPOINT WARNING * * *
You feel very sick.
The scorpion barely misses you. 😨 HP[-4]
You take 4 damage, and now have 18/52 hp.
You hit the scorpion. You punch the scorpion.
* * * LOW HITPOINT WARNING * * *
You feel very sick. The scorpion stings you.
* * * LOW HITPOINT WARNING * * *
😱 HP[-6] MP[-1]
You take 6 damage, and now have 12/52 hp.
You lost 1 mp, and now have 4/7 mp.
You completely miss the scorpion.
* * * LOW HITPOINT WARNING * * *
You feel very sick. The scorpion stings you.
* * * LOW HITPOINT WARNING * * *
You are more poisoned.
The scorpion poisons you! 😱 HP[-5] MP[-1]
You take 5 damage, and now have 7/52 hp.
You lost 1 mp, and now have 3/7 mp.
Your transformation has ended.
You turn into a tree.
Your roots penetrate the ground.
* * * LOW HITPOINT WARNING * * *
You feel very sick.
The scorpion stings you but does no damage. 😱 HP[-1]
You now have 78 max hp (+26).
You closely miss the scorpion.
* * * LOW HITPOINT WARNING * * *
You feel very sick.
The scorpion stings you but does no damage. x2 😱 HP[-4]
You take 4 damage, and now have 2/78 hp.
You hit the scorpion.
You die...

Skill      XL: |  1  2  3  4  5  6 |
---------------+-------------------+-----
Dodging        | 2 3 |  3.4
Fighting       | 2 3 |  3.6
Unarmed Combat | 4 |  4.4
Shapeshifting  | 4 |  4.1
Translocations | 1 |  1.0
Spellcasting   | |  0.9

Action                     |  1- 3 |  4- 6 || total
---------------------------+-------+-------++-------
  Melee: Unarmed           |    94 |   213 ||   307
         Tailslap          |     5 |    28 ||    33
         Punch             |     2 |     7 ||     9
    Use: Potion            |       |     1 ||     1
   Stab: Sleeping          |       |     2 ||     2
 Armour: Skin              |    45 |   114 ||   159
  Dodge: Dodged            |    77 |   112 ||   189

Levels and vault maps discovered:
D:1:      saegor_arrival_simple_b, layout_rooms
D:2:      minmay_roachtagon, layout_loops_ring, uniq_natasha,
          uniq_crazy_yiuf_cottage
D:3:      layout_basic, nemelex_spade_bored_becter,
          nicolae_overflow_ecumenical_swirl, trog_book
D:4:      layout_cave_pods, nicolae_dithmenos_shadow_blocks,
          nicolae_qazlal_beasts_of_the_sky, serial_shops,
          nicolae_book_shop_shelving, nicolae_stop_n_shop_1, shop
D:5:      layout_basic, minmay_temple_entry_enclosed_plants, serial_curves,
          eino_curves_01, eino_curves_02

Notes
Turn   | Place    | Note
-------+----------+-------------------------------------------
     0 | D:1      | mcwallace the Draconian Shapeshifter began the quest for
                  | the Orb.
     0 | D:1      | Reached XP level 1. HP: 16/16 MP: 1/1
     0 | D:1      | magus.rc [v1.9.6]
    58 | D:1      | Reached skill level 2 in Dodging
    58 | D:1      | HP: 4/16 [jackal (1)]
    59 | D:1      | HP: 1/16 [hobgoblin (3)]
    69 | D:1      | HP: 2/16 [jackal (2)]
    72 | D:1      | Reached XP level 2. HP: 3/23 MP: 2/2
    76 | D:1      | HP: 2/23 [jackal (2)]
   498 | D:1      | Reached XP level 3. HP: 29/29 MP: 3/3
   727 | D:2      | Reached skill level 2 in Fighting
   763 | D:2      | Noticed Natasha
   774 | D:2      | Killed Natasha
   775 | D:2      | Reached XP level 4. HP: 29/37 MP: 4/4
   829 | D:2      | Noticed Natasha
   843 | D:2      | Killed Natasha
  1030 | D:2      | Noticed Natasha
  1046 | D:2      | Killed Natasha
  1047 | D:2      | Reached XP level 5. HP: 27/44 MP: 5/5
  1615 | D:2      | Found a runed translucent door.
  1616 | D:2      | Noticed Crazy Yiuf
  1721 | D:2      | Reached skill level 4 in Unarmed Combat
  1724 | D:2      | Reached skill level 3 in Fighting
  1952 | D:3      | Reached skill level 3 in Dodging
  2126 | D:3      | Identified the +1 dagger of Enuidimo {antimagic, Int+4}
  2234 | D:3      | Found a sparkling altar of Nemelex Xobeh.
  2478 | D:3      | Found a bloodstained altar of Trog.
  2484 | D:3      | Got an uncut book
  2562 | D:3      | You add the spells Blink and Manifold Assault to your
                  | library.
  2571 | D:3      | Found a faded altar of an unknown god.
  2574 | D:3      | Found an ancient bone altar of Kikubaaqudgha.
  2811 | D:4      | Found Xoq Hiur's Book Shop.
  2863 | D:4      | Found a stormy altar of Qazlal.
  2863 | D:4      | Noticed a sky beast
  2886 | D:4      | Killed a sky beast
  2887 | D:4      | Reached skill level 4 in Shapeshifting
  2887 | D:4      | Reached XP level 6. HP: 20/51 MP: 2/6
  3121 | D:4      | Found Ulea's Antique Armour Shop.
  3211 | D:4      | Found Morghats's Jewellery Shop.
  3336 | D:4      | Found a shadowy altar of Dithmenos.
  3771 | D:5      | Entered Level 5 of the Dungeon
  3908 | D:5      | Reached skill level 1 in Translocations
  3957 | D:5      | Identified the +1 robe "Wigut" {rC+}
  4099 | D:5      | HP: 12/52 [scorpion (3)]
  4102 | D:5      | HP: 2/78 [poisoned by a scorpion]
  4103 | D:5      | Succumbed to a scorpion's poison

Vanquished Creatures
  A sky beast (D:4)
  A hound (D:5)
  An orc priest (D:3)
  An iguana (D:3)
  Natasha (thrice) (D:2)
  6 adders
  4 worms
  2 dart slugs
  4 orcs (D:3)
  4 endoplasms
  13 giant cockroaches
  9 hobgoblins
  8 jackals (D:1)
  6 kobolds
  5 quokkas
  2 ball pythons
  A bat (D:1)
  4 frilled lizards
  4 goblins
  10 rats
89 creatures vanquished.

Table legend:
 A = Non-vault XP
 B = Vault XP
 C = Vault XP percentage of total XP
 D = Non-vault monster count
 E = Vault monster count
 F = Vault count percentage of total count
                 A         B        C        D         E       F
            +---------+---------+-------+---------+---------+-------
      Total |     400 |     188 |  32.0 |      76 |      13 |  14.6
            +---------+---------+-------+---------+---------+-------
        D:1 |      48 |       0 |   0.0 |      29 |       0 |   0.0
        D:2 |     152 |      55 |  26.6 |      22 |      12 |  35.3
        D:3 |     104 |       0 |   0.0 |      15 |       0 |   0.0
        D:4 |      53 |     133 |  71.5 |       9 |       1 |  10.0
        D:5 |      43 |       0 |   0.0 |       1 |       0 |   0.0
            +---------+---------+-------+---------+---------+-------

Skill      XL: |  1  2  3  4  5  6 |
---------------+-------------------+-----
Dodging        | 2 3 |  3.4
Fighting       | 2 3 |  3.6
Unarmed Combat | 4 |  4.4
Shapeshifting  | 4 |  4.1
Translocations | 1 |  1.0
Spellcasting   | |  0.9

Action                     |  1- 3 |  4- 6 || total
---------------------------+-------+-------++-------
  Melee: Unarmed           |    94 |   213 ||   307
         Tailslap          |     5 |    28 ||    33
         Punch             |     2 |     7 ||     9
    Use: Potion            |       |     1 ||     1
   Stab: Sleeping          |       |     2 ||     2
 Armour: Skin              |    45 |   114 ||   159
  Dodge: Dodged            |    77 |   112 ||   189

Illustrated notes

Table legend:
 A = Kills in this place as a percentage of kills in the entire game.
 B = Kills by you in this place as a percentage of kills by you in the entire game.
 C = Kills by friends in this place as a percentage of kills by friends in the entire game.
 D = Other kills in this place as a percentage of other kills in the entire game.
 E = Experience gained in this place as a percentage of experience gained in the entire game.
 F = Experience gained in this place divided by the number of levels of this place that you have seen.
                   A       B       C       D       E      F
               +-------+-------+-------+-------+-------+----------------------
         Total | 100.0 | 100.0 |   N/A |   N/A | 100.0 | 117.6
       Dungeon | 100.0 | 100.0 |   N/A |   N/A | 100.0 | 117.6
               +-------+-------+-------+-------+-------+----------------------

Table legend: (Time is in decaauts)
 A = Elapsed time spent in this place.
 B = Non-inter-level travel time spent in this place.
 C = Inter-level travel time spent in this place.
 D = Time resting spent in this place.
 E = Time spent auto-exploring this place.
 F = Levels seen in this place.
 G = Mean time per level.
                   A        B        C        D        E       F      G
               +--------+--------+--------+--------+--------+-----+--------+
         Total |   4088 |   3883 |    205 |      0 |   3331 |   5 |  817.6 |
       Dungeon |   4088 |   3883 |    205 |      0 |   3331 |   5 |  817.6 |
               +--------+--------+--------+--------+--------+-----+--------+

Top non-repeatable levels by time:
     D:2: 1228 daAuts
     D:4: 956 daAuts
     D:3: 885 daAuts
     D:1: 687 daAuts
     D:5: 330 daAuts
